 Dungeon Crawl Stone Soup version 0.24.1 (webtiles) character file.

Game seed: 1743278497803279513, levelgen mode: deterministic

5007 mortelune the Insei (level 10, -1/81 HPs)
             Began as an Octopode Transmuter on Mar 22, 2020.
             Was a High Priest of Cheibriados.
             Slain by a wolf (6 damage)
             ... on level 8 of the Dungeon.
             The game lasted 00:47:34 (14852 turns).

mortelune the Insei (Octopode Transmuter)          Turns: 14852, Time: 00:47:35

Health: -1/81      AC:  7    Str: 20    XL:     10   Next: 54%
Magic:  7/16       EV: 16    Int: 30    God:    Cheibriados [*****.]
Gold:   206        SH:  0    Dex: 31    Spells: 8/18 levels left

rFire    x . .     SeeInvis +     - Unarmed
rCold    + + +     Gourm    .   (shield currently unavailable)
rNeg     + . .     Faith    .   (helmet currently unavailable)
rPois    +         Spirit   .   u - amulet "Uxit" {RegenMP Stlth+}
rElec    .         Reflect  .   p - ring "Natyny" {rC+ Str-3 Dex+7 SInv}
rCorr    .         Harm     .   f - ring of positive energy
MR       .....     Rnd*Rage +   t - ring of wizardry
Stlth    +++.......             (no ring)
HPRegen  0.23/turn              (no ring)
MPRegen  0.40/turn              (no ring)
                                (no ring)
                                (no ring)

@: lethally poisoned (-1 -> -2), ice-form, very slow
A: large, almost no armour, stealthy swim, amphibious, 8 rings, (constrict 8),
berserk 1, blink
a: End Transformation, Blink, Bend Time, Temporal Distortion, Slouch, Step From
Time, Renounce Religion


You were on level 8 of the Dungeon.
You worshipped Cheibriados.
Cheibriados was extremely pleased with you.
You were very hungry.
You were a creature of crystalline ice.
You visited 1 branch of the dungeon, and saw 9 of its levels.

You collected 608 gold pieces.
You spent 402 gold pieces at shops.

Inventory:

Missiles
 a - 30 arrows
 e - 436 stones
 g - 50 poisoned darts (quivered)
 k - 56 bolts
 q - 4 boomerangs of dispersal
 D - 8 atropa-tipped darts
Jewellery
 f - a ring of positive energy (right front paw)
 p - the ring "Natyny" (left front paw) {rC+ Str-3 Dex+7 SInv}
   (You found it on level 4 of the Dungeon)

   [ring of protection from cold]

   It affects your strength (-3).
   It affects your dexterity (+7).
   It protects you from cold.
   It lets you see invisible.
 t - a ring of wizardry (on tentacle)
 u - the amulet "Uxit" (around neck) {RegenMP Stlth+}
   (You found it on level 5 of the Dungeon)

   [amulet of magic regeneration]

   It increases your magic regeneration.
   It makes you more stealthy.
Wands
 i - a wand of clouds (6)
 A - a wand of acid (11)
 B - a wand of disintegration (9)
Scrolls
 b - 11 scrolls of remove curse
 j - a scroll of fear
 l - a scroll of silence
 m - 3 scrolls of enchant armour
 n - 3 scrolls of identify
 o - 2 scrolls of immolation
 s - 2 scrolls of teleportation
 w - 3 scrolls of amnesia
 x - a scroll of magic mapping
 y - a scroll of holy word
 C - a scroll of enchant weapon
Potions
 d - 4 potions of lignification
 h - a potion of magic
 v - 2 potions of curing
 z - a potion of ambrosia
Comestibles
 c - 21 rations


   Skills:
 + Level 6.2 Fighting
 + Level 6.1 Dodging
 * Level 7.2 Unarmed Combat
 - Level 4.6 Spellcasting
 - Level 6.8 Transmutations
 - Level 4.3 Ice Magic
 * Level 6.0 Invocations


You had 8 spell levels left.
You knew the following spells:

 Your Spells              Type           Power        Failure   Level  Hunger
a - Beastly Appendage     Tmut           #####.       1%          1    None
b - Sticks to Snakes      Tmut           #####...     1%          2    None
c - Spider Form           Tmut/Pois      ####......   1%          3    #......
d - Ice Form              Ice/Tmut       #####...     2%          4    ###....

Your spell library contained the following spells:

 Spells                   Type           Power        Failure   Level  Hunger
 Animate Skeleton         Necr           N/A          2%          1    None
 Apportation              Tloc           #.....       2%          1    None
 Confusing Touch          Hex            #.....       2%          1    None
 Summon Small Mammal      Summ           #...         2%          1    None
 Blade Hands              Tmut           #####.....   4%          5    #####..
 Petrify                  Tmut/Erth      ####....     6%          4    ###....
 Confuse                  Hex            #.......     8%          3    #......
 Gell's Gravitas          Tloc           #.........   8%          3    #......
 Static Discharge         Conj/Air       #.......     8%          3    #......
 Yara's Violent Unravell  Hex/Tmut       ####......   16%         5    #####..
 Metabolic Englaciation   Hex/Ice        ###.......   26%         5    #####..
 Lightning Bolt           Conj/Air       #.........   52%         5    #####..
 Ignition                 Fire           #.........   100%        8    #######
 Shatter                  Erth           #.........   100%        9    #######
 Tornado                  Air            #.........   100%        9    #######


Dungeon Overview and Level Annotations

Branches:
Dungeon (9/15)             Temple (0/1) D:6
   Lair: D:8-11         Orc: D:9-12

Altars:
Cheibriados
Dithmenos
Elyvilon
Gozag
Kikubaaqudgha
Makhleb
Okawaru
Qazlal
Trog
Vehumet
Wu Jian
Zin
The Shining One

Shops:
D:8 *

Annotations:
D:3 Purgy


Innate Abilities, Weirdness & Mutations

You cannot wear most types of armour.
You are very stealthy in the water. (Stealth+)
You are amphibious.
You can wear up to eight rings at the same time.
((You can use your tentacles to constrict eight enemies at once.))
((Your skin changes colour to match your surroundings (Stealth+).))
((Your rubbery body absorbs attacks. (AC +1, EV +1)))
((You have a pair of small antennae on your head.))
You tend to lose your temper in combat.
You can translocate small distances at will.


Message History

Your adder bites the wolf but does no damage.
The wolf barely misses you. The wolf closely misses you.
Your adder bites the wolf.
The wolf looks even sicker.
Your adder poisons the wolf!
Your adder bites the wolf but does no damage.
Your adder closely misses the wolf.
Your adder misses the wolf.
Your adder closely misses the wolf.
You catch the helpless wolf completely off-guard!
You hit the wolf. You freeze the wolf.
The wolf is severely wounded.
The wolf bites you!
* * * LOW HITPOINT WARNING * * *
The wolf stops to sniff the ground.
The wolf bites you.
* * * LOW HITPOINT WARNING * * *
Your adder bites the wolf.
The wolf looks as sick as possible!
Your adder poisons the wolf!
Your adder closely misses the wolf.
Your adder bites the wolf.
Your adder barely misses the wolf.
The wolf closely misses you. The wolf bites you.
You die...

#.................'......#
###########..#....####...#
######### ##.#....# #...#
........# #......# #...#
........######.....#
#...#####
...................#
##......#
..............SS.#####
######.#
...........)..Sh.#...# #.#
.............SShY#...###
#.#
#######.......S###...'.#
#.# #........# #...#.# #.#
#........# #...#.######.#
#........# #...#........#
########## #...##########
#...# #####...# #.......#


You could see 2 wolves and 6 friendly adders.

Vanquished Creatures
  Harold (D:8)
  The ghost of Nebesus the Grappler, a novice DrTm of Okawaru (D:7)
  The ghost of laxxamousse2 the Ruffian, an amateur TrTm (D:5)
  A hornet (D:7)
  A hippogriff (D:8)
  A wyvern (D:8)
  Eustachio (D:4)
  A black bear (D:7)
  A phantom (D:8)
  2 centaurs
  The ghost of p0werm0de the Shield-Bearer, an amateur OpFi (D:3)
  4 big kobolds (D:4)
  Blork the orc (D:4)
  4 bullfrogs
  A water moccasin skeleton (D:5)
  4 scorpions (D:8)
  8 killer bees
  A crimson imp (D:5)
  A quasit (D:8)
  A bullfrog zombie (D:5)
  5 hounds
  2 orc priests (D:6)
  A jelly (D:7)
  6 orc wizards
  Jessica (D:3)
  3 iguanas
  4 worker ants
  Robin (D:2)
  A worker ant zombie (D:5)
  9 adders
  A shadow imp (D:7)
  An adder skeleton (D:3)
  2 worms (D:3)
  2 dart slugs
  3 leopard geckos (D:4)
  26 orcs
  4 giant cockroaches
  12 goblins
  12 hobgoblins
  5 jackals
  6 quokkas
  7 bats
  6 frilled lizards
  35 kobolds
  3 leopard gecko skeletons
  7 rats
202 creatures vanquished.

Vanquished Creatures (collateral kills)
  An orc warrior (D:5)
  5 ogres
  2 centaurs
  4 scorpions
  A killer bee (D:8)
  A howler monkey (D:7)
  A bullfrog zombie (D:5)
  A quasit (D:6)
  A hound (D:6)
  A worker ant (D:6)
  3 adders
  2 orcs (D:5)
  A hobgoblin (D:4)
  7 kobolds (D:4)
31 creatures vanquished.

Vanquished Creatures (others)
  An orc wizard (D:5)
  An orc (D:6)
2 creatures vanquished.

Grand Total: 235 creatures vanquished

Notes
Turn   | Place    | Note
-------+----------+-------------------------------------------
     0 | D:1      | mortelune the Octopode Transmuter began the quest for the
                  | Orb.
     0 | D:1      | Reached XP level 1. HP: 13/13 MP: 3/3
   152 | D:1      | Reached XP level 2. HP: 11/18 MP: 3/5
   156 | D:1      | Learned a level 2 spell: Sticks to Snakes
  1312 | D:2      | Reached XP level 3. HP: 23/23 MP: 6/6
  1811 | D:2      | Learned a level 3 spell: Spider Form
  1862 | D:2      | Found a glowing golden altar of the Shining One.
  1925 | D:2      | Noticed Robin
  2425 | D:2      | Found a burning altar of Makhleb.
  2479 | D:2      | Reached XP level 4. HP: 25/29 MP: 7/7
  2962 | D:3      | Noticed Purgy
  3482 | D:3      | Found a snail-covered altar of Cheibriados.
  3654 | D:3      | Found a glowing silver altar of Zin.
  3743 | D:3      | Found a stormy altar of Qazlal.
  3780 | D:3      | Became a worshipper of Cheibriados the Contemplative
  3833 | D:4      | Noticed Eustachio
  3857 | D:3      | Reached skill level 4 in Unarmed Combat
  3857 | D:3      | Reached XP level 5. HP: 24/34 MP: 8/8
  4217 | D:3      | Noticed Jessica
  4220 | D:3      | Killed Jessica
  4367 | D:4      | Noticed Blork the orc
  4378 | D:4      | Killed Blork the orc
  4378 | D:4      | Reached XP level 6. HP: 28/41 MP: 2/9
  5115 | D:4      | Got a transparent iron ring
  5117 | D:4      | Identified the ring "Natyny" {rC+ Str-3 Dex+7 SInv} (You
                  | found it on level 4 of the Dungeon)
  5243 | D:4      | Reached * piety under Cheibriados
  5639 | D:4      | Reached XP level 7. HP: 46/46 MP: 7/11
  5655 | D:4      | Reached ** piety under Cheibriados
  5964 | D:4      | Found a shadowy altar of Dithmenos.
  6242 | D:4      | Learned a level 4 spell: Ice Form
  6247 | D:5      | Entered Level 5 of the Dungeon
  6298 | D:4      | Reached skill level 5 in Transmutations
  6928 | D:5      | Reached skill level 5 in Unarmed Combat
  6953 | D:5      | Found a bloodstained altar of Trog.
  7042 | D:5      | Reached skill level 1 in Ice Magic
  7184 | D:5      | Reached XP level 8. HP: 51/54 MP: 11/13
  7532 | D:5      | Found a runed translucent gate.
  7533 | D:5      | Found a runed translucent gate.
  7533 | D:5      | Noticed laxxamousse2's ghost (amateur TrTm)
  7534 | D:5      | Found a runed translucent gate.
  7559 | D:5      | Reached *** piety under Cheibriados
  7692 | D:5      | Got a twitching diamond amulet
  7699 | D:5      | Identified the amulet "Uxit" {RegenMP Stlth+} (You found it
                  | on level 5 of the Dungeon)
  7964 | D:5      | Found a white marble altar of Elyvilon.
  7996 | D:5      | Gained mutation: You can translocate small distances at
                  | will. [potion of mutation]
  7996 | D:5      | Gained mutation: You tend to lose your temper in combat.
                  | [potion of mutation]
  7996 | D:5      | Gained mutation: You have a pair of small antennae on your
                  | head. [potion of mutation]
  8796 | D:6      | Found an ornate altar of the Wu Jian Council.
  9382 | D:6      | Found a radiant altar of Vehumet.
  9403 | D:6      | Reached **** piety under Cheibriados
  9537 | D:6      | Found a staircase to the Ecumenical Temple.
 10396 | D:7      | Noticed a hornet
 10404 | D:7      | Killed a hornet
 10404 | D:7      | Reached XP level 9. HP: 51/59 MP: 15/15
 10851 | D:7      | Found a runed translucent door.
 10855 | D:7      | Noticed Nebesus's ghost (novice DrTm)
 10857 | D:7      | Found an opulent altar of Gozag.
 11178 | D:7      | Found an iron altar of Okawaru.
 11290 | D:7      | Reached skill level 6 in Unarmed Combat
 11508 | D:7      | Reached skill level 1 in Invocations
 11669 | D:8      | Reached skill level 5 in Fighting
 11766 | D:8      | Reached ***** piety under Cheibriados
 13027 | D:8      | Noticed Harold
 13069 | D:8      | Killed Harold
 13069 | D:8      | Reached skill level 5 in Dodging
 13069 | D:8      | Reached XP level 10. HP: 68/68 MP: 16/16
 13250 | D:8      | Found Leopn's General Store.
 13265 | D:8      | Bought a scroll of magic mapping for 42 gold pieces
 13265 | D:8      | Bought a wand of acid (11) for 360 gold pieces
 13539 | D:4      | Killed Eustachio
 13539 | D:4      | Reached skill level 5 in Invocations
 13663 | D:3      | Found an ancient bone altar of Kikubaaqudgha.
 13722 | D:3      | Found a runed translucent gate.
 13723 | D:3      | Found a runed translucent gate.
 13723 | D:3      | Found a runed translucent gate.
 13787 | D:3      | Noticed p0werm0de's ghost (amateur OpFi)
 13796 | D:3      | You fall into a shaft and drop 1 floor!
 13910 | D:3      | Killed p0werm0de's ghost
 14047 | D:2      | Killed Robin
 14272 | D:5      | Killed laxxamousse2's ghost
 14386 | D:7      | Killed Nebesus's ghost
 14386 | D:7      | Reached skill level 7 in Unarmed Combat
 14852 | D:8      | Slain by a wolf

Levels and vault maps discovered:
D:1:      scummos_arrival_star, layout_basic
D:2:      layout_loops_ring, bloody_makhleb, first_ration, hex_large,
          corexii_corridor_pit, nicolae_tso_carved_into_rock, uniq_robin
D:3:      layout_basic, zin_statuary, grunt_qazlal_clouds, cheibriados_altar_1,
          lemuel_zombie_altar_kikubaaqudgha, gammafunk_ghost_necromancy,
          uniq_purgy, uniq_jessica
D:4:      minmay_goblin_kobold_castle, layout_gridville,
          nicolae_overflow_crystal_walls, grunt_decor_arrowhead,
          kennysheep_opposing_triangles, uniq_eustachio, uniq_blork_the_orc
D:5:      layout_basic, elyvilon_altar_3, gammafunk_ghost_split, bloody_trog
D:6:      layout_rooms, fiery_altar_vehumet, kennysheep_little_box,
          minmay_temple_entry_waves, chequers_serial_rivers_micro_b,
          chequers_serial_rivers_room_a, hangedman_abyss_or_decor_passed,
          grunt_ministairs_2, kennysheep_generic_room_4
D:7:      layout_basic, grunt_gozag_statues, ebering_ghost_reflecting_pool,
          grunt_ogre_cave, okawaru_ov_weapons_minmay
D:8:      layout_basic, serial_shops, nicolae_shop_crystal, uniq_harold
D:9:      layout_big_octagon, lemuel_blue_sif_altar, erik_lair_island, uniq_grum

Skill      XL: |  1  2  3  4  5  6  7  8  9 10 |
---------------+-------------------------------+-----
Fighting       | 2 3 4 5 6 |  6.2
Transmutations | 3 4 5 6 |  6.8
Unarmed Combat | 4 5 6 7 |  7.2
Spellcasting   | 3 4 |  4.6
Ice Magic      | 1 4 |  4.3
Invocations    | 4 6 |  6.0
Dodging        | 5 6 |  6.1

Action                   |  1- 3 |  4- 6 |  7- 9 | 10-12 || total
-------------------------+-------+-------+-------+-------++-------
Melee: Unarmed           |    81 |   125 |   214 |    44 ||   464
       Kick              |     6 |     6 |    22 |       ||    34
       Constrict         |    25 |    15 |    20 |       ||    60
       Tentacles         |    11 |    10 |    25 |       ||    46
       Punch             |     1 |     1 |     5 |       ||     7
Throw: Stone             |    10 |     9 |    21 |       ||    40
       Dart              |       |    36 |    10 |     3 ||    49
 Cast: Beastly Appendage |    11 |    14 |    20 |       ||    45
       Sticks to Snakes  |     2 |     7 |    66 |    12 ||    87
       Spider Form       |       |    16 |    17 |       ||    33
       Ice Form          |       |       |    13 |     9 ||    22
Invok: Temporal Distorti |       |       |       |     1 ||     1
  Use: Scroll            |       |     4 |     9 |     3 ||    16
       Potion            |       |     1 |     4 |     1 ||     6
 Stab: Sleeping          |     4 |     2 |     4 |     2 ||    12
       Distracted        |     1 |       |     4 |     1 ||     6
  Eat: Chunk             |     5 |     9 |    13 |     3 ||    30
       Ration            |       |     1 |       |       ||     1
Armor: Skin              |     8 |    13 |    49 |    14 ||    84
Dodge: Dodged            |    61 |   138 |   248 |    88 ||   535
